 Dungeon Crawl Stone Soup version 0.28-a0-793-g31680bbd8b (webtiles) character file.

Game seed: 5363554732691158839

4335 Ijustatesigmund the Blocker (level 10, -2/82 HPs)
             Began as a Gnoll Fighter on Nov 4, 2021.
             Was a Priest of Cheibriados.
             Slain by a basilisk (7 damage)
             ... while petrified by a basilisk
             ... on level 9 of the Dungeon.
             The game lasted 00:21:55 (9316 turns).

Ijustatesigmund the Blocker (Gnoll Fighter)         Turns: 9316, Time: 00:21:56

Health: -2/82      AC: 16    Str: 23    XL:     10   Next: 33%
Magic:  17/17      EV:  2    Int: 18    God:    Cheibriados [***...]
Gold:   252        SH:  0    Dex: 18    Spells: 19/19 levels left

rFire   . . .      SeeInvis .   a - +1 war axe
rCold   . . .      Faith    .   c - +2 kite shield
rNeg    + + +      Spirit   .   b - +0 acid dragon scales
rPois   ∞          Reflect  .   f - +1 helmet
rElec   .          Harm     .   o - +0 cloak
rCorr   +          Rampage  .   (no gloves)
Will    .....                   (no boots)
Stlth   +++.......              (no amulet)
HPRegen 0.23/turn               e - +4 ring of protection
MPRegen 0.15/turn               s - +4 ring of evasion

@: mighty, petrified, very slow
A: fangs 1, strong nose, distributed training
a: Renounce Religion, Bend Time, Temporal Distortion


You were on level 9 of the Dungeon.
You worshipped Cheibriados.
Cheibriados was most pleased with you.
You visited 2 branches of the dungeon, and saw 10 of its levels.
You also visited: Sewer.

You collected 395 gold pieces.
You spent 143 gold pieces at shops.

Inventory:

Hand Weapons
 a - a +1 war axe (weapon)
 m - the +2 hunting sling of Udecs {freeze, Fly rN+++ rCorr Str-3}
   (You bought it in a shop on level 2 of the Dungeon)

   Any ammunition fired from it freezes those it strikes, dealing additional
   cold damage.
   It can also slow down cold-blooded creatures.
   Str:       It affects your strength (-3).
   rN:        It renders you almost immune to negative energy.
   Fly:       It grants you flight.
   rCorr:     It protects you from acid and corrosion.
 A - a +1 whip of electrocution
Missiles
 j - 54 poisoned darts (quivered)
 B - a throwing net
Armour
 b - +0 acid dragon scales (worn)
 c - a +2 kite shield (worn)
 f - a +1 helmet (worn)
 o - a +0 cloak (worn)
Jewellery
 e - a +4 ring of protection (left hand)
 s - a +4 ring of evasion (right hand)
Wands
 h - a wand of polymorph (5)
 p - a wand of flame (12)
 r - a wand of acid (9)
 y - a wand of mindburst (16)
 C - a wand of iceblast (10)
Scrolls
 i - a scroll of teleportation
 u - a scroll of magic mapping
Potions
 g - a potion of attraction
 k - 2 potions of brilliance
 q - 2 potions of flight
 t - a potion of curing
 z - a potion of haste {unknown}


   Skills:
 + Level 8.4 Fighting
 + Level 5.2 Short Blades
 + Level 5.2 Long Blades
 + Level 7.0 Axes
 + Level 5.2 Maces & Flails
 + Level 5.2 Polearms
 + Level 5.2 Staves
 + Level 5.2 Slings
 + Level 5.2 Bows
 + Level 5.2 Crossbows
 + Level 5.2 Throwing
 + Level 8.4 Armour
 + Level 5.2 Dodging
 + Level 5.2 Stealth
 + Level 8.4 Shields
 + Level 5.2 Unarmed Combat
 + Level 5.2 Spellcasting
 + Level 4.2 Conjurations
 + Level 4.2 Hexes
 + Level 4.2 Summonings
 + Level 4.2 Necromancy
 + Level 4.2 Translocations
 + Level 4.2 Transmutations
 + Level 4.2 Fire Magic
 + Level 4.2 Ice Magic
 + Level 4.2 Air Magic
 + Level 4.2 Earth Magic
 + Level 4.2 Poison Magic
 + Level 5.7 Invocations
 + Level 5.2 Evocations


You had 19 spell levels left.
You didn't know any spells.
Your spell library contained the following spells:

 Spells                   Type           Power      Damage    Failure   Level
 Animate Skeleton         Necr           40%        N/A       6%          1
 Freeze                   Ice            80%        1d9       6%          1
 Magic Dart               Conj           80%        1d7       6%          1
 Pain                     Necr           80%        1d8       6%          1
 Call Imp                 Summ           20%        N/A       10%         2
 Static Discharge         Conj/Air       20%        N/A       10%         2
 Frozen Ramparts          Ice            40%        1d6       19%         3
 Mephitic Cloud           Conj/Pois/Air  20%        N/A       19%         3
 Summon Guardian Golem    Hex/Summ       20%        N/A       19%         3
 Vampiric Draining        Necr           20%        2d7       19%         3
 Hailstorm                Conj/Ice       20%        3d6       52%         4
 Lightning Bolt           Conj/Air       10%        1d23      86%         5
 Orb of Destruction       Conj           10%        9d5       100%        7
 Spellforged Servitor     Conj/Summ      10%        N/A       100%        7
 Maxwell's Capacitive Co  Air            10%        ∞         100%        8


Dungeon Overview and Level Annotations

Branches:
Dungeon (9/15)             Temple (1/1) D:4            Lair (0/6) D:9
  Sewer (visited)
    Orc: D:9-12

Altars:
Ashenzari
Cheibriados
Dithmenos
Fedhas
Gozag
Hepliaklqana
Kikubaaqudgha
Makhleb
Okawaru
Qazlal
Sif Muna
Trog
Uskayaw
Vehumet
Wu Jian
Xom
Yredelemnul
Zin
The Shining One

Shops:
D:2 (

Annotations:
D:9 Maurice


Innate Abilities, Weirdness & Mutations

You have very sharp teeth.
Your uncanny sense of smell can sniff out nearby items.
Your experience applies equally to all skills.


Message History

You slash the two-headed ogre!
You kill the two-headed ogre!
Cheibriados appreciates the change of pace.
You slash something! You slash the orc!
You kill the orc!
Cheibriados thoroughly appreciates the change of pace.
Your surroundings suddenly seem different.
Found a long sword.
Found a staircase to the Lair.
Your Axes skill increases to level 7!
The sentinel's mark upon you fades away.
The basilisk gazes at you.
You are slowing down.
Your limbs are stiffening.
A water moccasin comes into view.
The basilisk hisses menacingly.
The basilisk gazes at you.
Your limbs have turned to stone.
You have turned to stone.
The yak bellows!
You hear a bellow!
A basilisk comes into view.
An orc priest comes into view. It is wielding a +0 dagger.
The yak bellows!
An orc wizard comes into view. It is wielding a +0 dagger.
The water moccasin bites you!
* * * LOW HITPOINT WARNING * * *
The water moccasin bites you but does no damage.
The water moccasin bites you.
* * * LOW HITPOINT WARNING * * *
The orc priest looks satisfied for a moment.
The basilisk hisses menacingly.
The basilisk bites you but does no damage.
The water moccasin bites you but does no damage.
An orc comes into view. It is wielding a +0 dagger.
The basilisk hisses angrily.
The water moccasin bites you.
* * * LOW HITPOINT WARNING * * *
The basilisk gazes at you. You resist with some effort. The yak gores you.
* * * LOW HITPOINT WARNING * * *
The water moccasin barely misses you. The basilisk bites you!
You die...

..>............#
.........................#
..........................#
..........................#
..........................#
..............(...........#
..........................#
).........................#
...P...........@Yl........#
♣.P..P........YSl.........#
.....P.........Y.o........#
PP.................o......#
...........(..............#
..........................#
>...................lo....#
.♣.P.........)............#
P........................#


You could see 3 yaks, 3 basilisks, a water moccasin, an orc priest, an orc
wizard and an orc.

Vanquished Creatures
  A two-headed ogre (D:9)
  Maggie (D:6)
  A wraith (D:9)
  2 water moccasins
  A black bear (D:7)
  4 orc warriors
  2 sky beasts
  A necrophage (D:4)
  5 ogres
  6 centaurs
  Blork the orc (D:6)
  A kobold brigand (D:8)
  4 bullfrogs
  A water moccasin zombie (D:7)
  2 scorpions
  A wyvern skeleton (D:7)
  A centaur zombie (D:9)
  Crazy Yiuf (D:4)
  A hound (D:6)
  4 orc priests
  A jelly (D:6)
  3 iguanas
  5 orc wizards
  A hound zombie (D:5)
  A hound skeleton (D:4)
  Robin (D:2)
  A howler monkey zombie (D:9)
  4 gnolls
  11 adders
  A howler monkey skeleton (D:7)
  2 white imps
  3 ufetubi (D:6)
  2 worms
  An adder skeleton (D:4)
  3 dart slugs
  34 orcs
  3 bats
  17 endoplasms
  11 giant cockroaches
  16 goblins
  8 hobgoblins
  9 quokkas
  6 ball pythons
  16 frilled lizards
  6 kobolds
  3 rats
210 creatures vanquished.

Vanquished Creatures (others)
  A fungus (D:9)
  13 plants
14 creatures vanquished.

Grand Total: 224 creatures vanquished

Notes
Turn   | Place    | Note
-------+----------+-------------------------------------------
     0 | D:1      | Ijustatesigmund the Gnoll Fighter began the quest for the
                  | Orb.
     0 | D:1      | Reached XP level 1. HP: 23/23 MP: 1/1
   373 | D:1      | Reached XP level 2. HP: 18/29 MP: 2/2
   656 | D:2      | You fall into a shaft and drop 1 floor!
   666 | D:3      | Reached skill level 1 in Invocations
   666 | D:3      | Reached XP level 3. HP: 32/35 MP: 2/4
   668 | D:3      | Reached skill level 1 in Short Blades
   668 | D:3      | Reached skill level 1 in Long Blades
   668 | D:3      | Reached skill level 1 in Maces & Flails
   668 | D:3      | Reached skill level 1 in Polearms
   668 | D:3      | Reached skill level 1 in Staves
   668 | D:3      | Reached skill level 1 in Slings
   668 | D:3      | Reached skill level 1 in Bows
   668 | D:3      | Reached skill level 1 in Crossbows
   668 | D:3      | Reached skill level 1 in Throwing
   668 | D:3      | Reached skill level 1 in Dodging
   668 | D:3      | Reached skill level 1 in Stealth
   668 | D:3      | Reached skill level 1 in Unarmed Combat
   668 | D:3      | Reached skill level 1 in Spellcasting
   668 | D:3      | Reached skill level 1 in Evocations
   682 | D:3      | Reached XP level 4. HP: 35/41 MP: 3/5
   982 | D:3      | Found a glowing drain.
   991 | Sewer    | Entered a sewer
  1142 | Sewer    | Reached skill level 1 in Conjurations
  1142 | Sewer    | Reached skill level 1 in Hexes
  1142 | Sewer    | Reached skill level 1 in Summonings
  1142 | Sewer    | Reached skill level 1 in Necromancy
  1142 | Sewer    | Reached skill level 1 in Translocations
  1142 | Sewer    | Reached skill level 1 in Transmutations
  1142 | Sewer    | Reached skill level 1 in Fire Magic
  1142 | Sewer    | Reached skill level 1 in Ice Magic
  1142 | Sewer    | Reached skill level 1 in Air Magic
  1142 | Sewer    | Reached skill level 1 in Earth Magic
  1142 | Sewer    | Reached skill level 1 in Poison Magic
  1449 | Sewer    | Reached XP level 5. HP: 47/47 MP: 6/6
  2119 | D:2      | Noticed Robin
  2141 | D:2      | Killed Robin
  2314 | D:2      | Found Xoexowim's Antique Weapon Emporium.
  2318 | D:2      | Bought a twisted hunting sling for 143 gold pieces
  2318 | D:2      | Identified the +2 hunting sling of Udecs {freeze, Fly rN+++
                  | rCorr Str-3} (You bought it in a shop on level 2 of the
                  | Dungeon)
  2791 | D:2      | Reached XP level 6. HP: 49/53 MP: 8/8
  3424 | D:4      | Reached skill level 5 in Axes
  3429 | D:4      | Reached XP level 7. HP: 40/59 MP: 8/10
  4079 | D:4      | Found a staircase to the Ecumenical Temple.
  4088 | Temple   | Entered the Ecumenical Temple
  4284 | Temple   | Became a worshipper of Cheibriados the Contemplative
  4322 | D:4      | Found a runed translucent door.
  4323 | D:4      | Noticed Crazy Yiuf
  4332 | D:4      | Killed Crazy Yiuf
  4715 | D:5      | Entered Level 5 of the Dungeon
  4990 | D:5      | Reached * piety under Cheibriados
  5047 | D:5      | Found an iron altar of Okawaru.
  5072 | D:5      | Reached XP level 8. HP: 67/67 MP: 12/12
  6048 | D:6      | Noticed Maggie
  6097 | D:6      | Noticed Blork the orc
  6117 | D:6      | Killed Blork the orc
  6436 | D:6      | Reached ** piety under Cheibriados
  6711 | D:6      | Killed Maggie
  6712 | D:6      | Reached XP level 9. HP: 52/73 MP: 13/15
  7664 | D:7      | Found a bloodstained altar of Trog.
  7988 | D:8      | Found an opulent altar of Gozag.
  8212 | D:8      | Reached skill level 5 in Invocations
  8937 | D:9      | Noticed a two-headed ogre
  8976 | D:9      | Reached XP level 10. HP: 46/80 MP: 17/17
  9134 | D:9      | Reached *** piety under Cheibriados
  9279 | D:9      | Reached skill level 5 in Short Blades
  9279 | D:9      | Reached skill level 5 in Long Blades
  9279 | D:9      | Reached skill level 5 in Maces & Flails
  9279 | D:9      | Reached skill level 5 in Polearms
  9279 | D:9      | Reached skill level 5 in Staves
  9279 | D:9      | Reached skill level 5 in Slings
  9279 | D:9      | Reached skill level 5 in Bows
  9279 | D:9      | Reached skill level 5 in Crossbows
  9279 | D:9      | Reached skill level 5 in Throwing
  9279 | D:9      | Reached skill level 5 in Dodging
  9279 | D:9      | Reached skill level 5 in Stealth
  9279 | D:9      | Reached skill level 5 in Unarmed Combat
  9279 | D:9      | Reached skill level 5 in Spellcasting
  9279 | D:9      | Reached skill level 5 in Evocations
  9279 | D:9      | Noticed Maurice
  9299 | D:9      | Noticed a gargoyle
  9300 | D:9      | Killed a two-headed ogre
  9300 | D:9      | Found a staircase to the Lair.
  9316 | D:9      | Slain by a basilisk

Illustrated notes

Levels and vault maps discovered:
D:1:      psy_arrival_terrarium, layout_basic, chequers_mini_garden
D:2:      layout_basic, serial_shops, shop, minmay_lizard_king, uniq_robin
D:3:      layout_loops_ring, cheibrodos_sewer_entry_bend
D:4:      minmay_skewed_foursquare, layout_basic, minmay_temple_entry_trees,
          dk_vineyard_3, grunt_ministairs_4, uniq_crazy_yiuf_cottage
D:5:      layout_basic, lemuel_round_altar
D:6:      layout_basic, uniq_maggie, uniq_blork_the_orc
D:7:      layout_gridville, mainiacjoe_overflow_cross_hatched
D:8:      layout_loops_corners, mainiacjoe_overflow_brackets,
          minmay_misc_feat_tiny
D:9:      cheibrodos_statue_roulette, layout_long_grid, minmay_lair_entry_grove,
          serial_shops, shop, uniq_maurice
Temple:   eino_temple_scatter_basement

Skill      XL: |  1  2  3  4  5  6  7  8  9 10 |
---------------+-------------------------------+-----
Invocations    | 1 2 3 4 5 |  5.7
Short Blades   | 1 2 4 5 |  5.2
Long Blades    | 1 2 4 5 |  5.2
Maces & Flails | 1 2 4 5 |  5.2
Polearms       | 1 2 4 5 |  5.2
Staves         | 1 2 4 5 |  5.2
Slings         | 1 2 4 5 |  5.2
Bows           | 1 2 4 5 |  5.2
Crossbows      | 1 2 4 5 |  5.2
Throwing       | 1 2 4 5 |  5.2
Dodging        | 1 2 4 5 |  5.2
Stealth        | 1 2 4 5 |  5.2
Unarmed Combat | 1 2 4 5 |  5.2
Spellcasting   | 1 2 4 5 |  5.2
Evocations     | 1 2 4 5 |  5.2
Conjurations   | 1 2 3 4 |  4.2
Hexes          | 1 2 3 4 |  4.2
Summonings     | 1 2 3 4 |  4.2
Necromancy     | 1 2 3 4 |  4.2
Translocations | 1 2 3 4 |  4.2
Transmutations | 1 2 3 4 |  4.2
Fire Magic     | 1 2 3 4 |  4.2
Ice Magic      | 1 2 3 4 |  4.2
Air Magic      | 1 2 3 4 |  4.2
Earth Magic    | 1 2 3 4 |  4.2
Poison Magic   | 1 2 3 4 |  4.2
Axes           | 5 6 7 |  7.0
Fighting       | 7 8 |  8.4
Armour         | 7 8 |  8.4
Shields        | 7 8 |  8.4

Action                   |  1- 3 |  4- 6 |  7- 9 | 10-12 || total
-------------------------+-------+-------+-------+-------++-------
Melee: War axe           |    31 |   271 |   379 |    27 ||   708
       Bite              |     3 |    26 |    49 |     4 ||    82
Throw: Javelin           |     2 |     4 |     4 |       ||    10
Invok: Bend Time         |       |       |     1 |     1 ||     2
Evoke: Wand              |       |       |     8 |     1 ||     9
  Use: Scroll            |     4 |     6 |     6 |     3 ||    19
       Potion            |       |     1 |     2 |     2 ||     5
 Stab: Sleeping          |       |       |     3 |       ||     3
Armor: Scale mail        |    14 |   108 |    13 |       ||   135
       Chain mail        |       |       |    95 |       ||    95
       Acid dragon scale |       |       |    41 |    33 ||    74
Dodge: Dodged            |     9 |    77 |   204 |    41 ||   331
Block: Buckler           |     1 |       |       |       ||     1
       Kite shield       |     7 |   149 |   283 |    49 ||   488

Table legend: (Time is in decaauts)
 A = Elapsed time spent in this place.
 B = Non-inter-level travel time spent in this place.
 C = Inter-level travel time spent in this place.
 D = Time resting spent in this place.
 E = Time spent auto-exploring this place.
 F = Levels seen in this place.
 G = Mean time per level.
                   A        B        C        D        E       F      G
               +--------+--------+--------+--------+--------+-----+--------+
         Total |  11028 |  10662 |    366 |   1815 |   6627 |  11 | 1002.5 |
       Dungeon |   9725 |   9397 |    328 |   1422 |   6200 |   9 | 1080.6 |
        Temple |    213 |    175 |     38 |      0 |    159 |   1 |  213.0 |
         Sewer |   1089 |   1089 |      0 |    393 |    268 |   1 | 1089.0 |
               +--------+--------+--------+--------+--------+-----+--------+

Top non-repeatable levels by time:
     D:8: 1441 daAuts
     D:6: 1375 daAuts
     D:4: 1364 daAuts
     D:5: 1340 daAuts
     D:7: 1263 daAuts
   Sewer: 1089 daAuts
     D:2: 1008 daAuts
     D:3: 897 daAuts
     D:1: 642 daAuts
     D:9: 391 daAuts
  Temple: 213 daAuts
